 Dungeon Crawl Stone Soup version 0.16-a0-783-gf476f6a (webtiles) character file.

359 Ratboiler the Covert (level 6, -7/36 HPs)
             Began as an Octopode Enchanter on Sept 26, 2014.
             Mangled by an ice beast (14 damage)
             ... on Level 4 of the Dungeon.
             The game lasted 00:15:29 (4644 turns).

Ratboiler the Covert (Octopode Enchanter)           Turns: 4644, Time: 00:15:29

HP  -7/36        AC  1     Str  7      XL: 6   Next: 65%
MP   5/10        EV 11     Int 19      God:
Gold 141         SH  3     Dex 13      Spells:  4 memorised,  0 levels left

rFire  . . .     SeeInvis .     a - +1 dagger
rCold  . . .     Clarity  .     m - +0 buckler
rNeg   . . .     rCorr    .     (helmet restricted)
rPois  +         rRot     .     (no amulet)
rElec  .         Spirit   .     r - ring of poison resistance
SustAb .         Warding  .     (no ring)
rMut   .         Stasis   .     (no ring)
Gourm  .                        (no ring)
MR     .....                    (no ring)
                                (no ring)
                                (no ring)
                                (no ring)

@: very slightly contaminated, not resistant to hostile enchantments, quite
stealthy
A: almost no armour, amphibious, 8 rings, constrict 8, camouflage 1, gelatinous
body 1
a: no special abilities


You were on level 4 of the Dungeon.
You were hungry.

You visited 1 branch of the dungeon, and saw 4 of its levels.

You collected 141 gold pieces.

Inventory:

Hand weapons
 a - a +1 dagger (weapon)
 b - a +0 hunting sling
 e - a +2 dagger of holy wrath
Missiles
 f - 20 poisoned needles
 g - 19 sling bullets of flame
 u - 3 needles of sleeping
Armour
 m - a +0 buckler (worn)
Magical devices
 v - a wand of magic darts (4)
Comestibles
 d - 4 bread rations
Scrolls
 h - a scroll of magic mapping {unknown}
 i - a scroll of fog {unknown}
 k - a scroll of immolation {unknown}
 l - a scroll of enchant armour {unknown}
 n - a scroll of blinking {unknown}
 o - 4 scrolls of teleportation {unknown}
 q - a scroll of identify {unknown}
 s - 2 scrolls of amnesia {unknown}
Jewellery
 r - a ring of poison resistance (left tentacle)
Potions
 j - a potion of heal wounds
 p - a potion of lignification {unknown}
 t - a potion of resistance {unknown}
Books
 c - a book of Maledictions

   Spells                             Type                      Level
   *Corona                            Hexes                        1
   Sure Blade                         Hexes/Charms                 2
   *Ensorcelled Hibernation           Hexes/Ice                    2
   *Confuse                           Hexes                        3
   *Dazzling Spray                    Conjuration/Hexes            3
   Enslavement                        Hexes                        4


   Skills:
 - Level 2.2 Short Blades
 - Level 2.0 Dodging
 * Level 8.8 Stealth
 - Level 2.0 Spellcasting
 + Level 1.1 Conjurations
 - Level 3.9 Hexes


You couldn't memorise any spells.
You knew the following spells:

 Your Spells              Type           Power        Failure   Level  Hunger
a - Corona                Hex            ###....      6%          1    #......
b - Ensorcelled Hibernat  Hex/Ice        #.....       17%         2    ##.....
c - Confuse               Hex            ###.....     14%         3    ####...
d - Dazzling Spray        Conj/Hex       ##......     21%         3    ####...


Dungeon Overview and Level Annotations

Branches:
Dungeon (4/15)
 Temple: D:4-7

Altars:

Annotations:
D:4 SnowFan's ghost, experienced DECj


Innate Abilities, Weirdness & Mutations

You cannot wear most types of armour.
You are amphibious.
You can wear up to eight rings at the same time.
You can use your tentacles to constrict many enemies at once.
Your skin changes colour to match your surroundings (Stealth).
Your rubbery body absorbs attacks (AC +1).


Message History

You miscast Dazzling Spray.
You are very lightly contaminated with residual magic.
Your skin tingles.
You are feeling hungry.
The ice beast hits you.
* * * LOW HITPOINT WARNING * * *
The ice beast freezes you!
* * * LOW HITPOINT WARNING * * *
There is a stone staircase leading up, spattered with blood here.
Casting: Dazzling Spray
Confirm with . or Enter, or press ? or * to list all spells.
Aiming: Confuse
Press: ? - help, Shift-Dir - straight line, f/p - ice beast
Aim: an ice beast The ice beast resists.
You block the ice beast's attack.
There is a stone staircase leading up, spattered with blood here.
The ice beast hits you.
* * * LOW HITPOINT WARNING * * *
The ice beast freezes you!
You die...

### #.#######
#..@Y<..#
#######.#####.#
...........#
#.# #######.#.#
#.# ...#.###.#
#....#.....#
+....###..##
#....# ♣..♣
#...## ♣!.♣


You could see an ice beast.

Vanquished Creatures
  Sigmund (D:3)
  An orc priest (D:3)
  Crazy Yiuf (D:2)
  2 orc wizards (D:3)
  Natasha (thrice) (D:3)
  Ijyb (D:2)
  3 adders
  3 worms
  5 giant geckos
  3 orcs (D:3)
  A ball python (D:3)
  5 giant cockroaches
  12 goblins
  8 hobgoblins
  2 jackals (D:2)
  3 quokkas (D:2)
  4 bats
  4 giant newts
  11 kobolds
  4 rats
77 creatures vanquished.

Notes
Turn   | Place    | Note
--------------------------------------------------------------
     0 | D:1      | Ratboiler, the Octopode Enchanter, began the quest for the Orb.
     0 | D:1      | Reached XP level 1. HP: 11/11 MP: 3/3
    97 | D:1      | Reached XP level 2. HP: 9/17 MP: 2/4
   369 | D:1      | Learned a level 2 spell: Ensorcelled Hibernation
   890 | D:1      | Reached XP level 3. HP: 21/21 MP: 6/6
   906 | D:1      | Reached skill level 5 in Stealth
  1095 | D:2      | Noticed Ijyb
  1117 | D:2      | Killed Ijyb
  1799 | D:2      | Learned a level 3 spell: Confuse
  1805 | D:2      | Reached XP level 4. HP: 27/27 MP: 3/7
  1817 | D:2      | Reached skill level 6 in Stealth
  2421 | D:2      | Noticed Crazy Yiuf
  2446 | D:2      | Killed Crazy Yiuf
  2699 | D:2      | Reached XP level 5. HP: 27/31 MP: 9/9
  2993 | D:3      | Noticed Natasha
  3009 | D:3      | Reached skill level 7 in Stealth
  3017 | D:3      | Killed Natasha
  3258 | D:3      | Noticed Natasha
  3271 | D:3      | Killed Natasha
  3547 | D:3      | Noticed Natasha
  3561 | D:3      | HP: 1/31 [Natasha/wand of magic darts (10)]
  3680 | D:4      | Noticed SnowFan's ghost (experienced DECj)
  3683 | D:3      | Killed Natasha
  4056 | D:3      | Reached XP level 6. HP: 9/36 MP: 0/10
  4323 | D:3      | Reached skill level 8 in Stealth
  4360 | D:3      | Learned a level 3 spell: Dazzling Spray
  4498 | D:3      | Noticed Sigmund
  4506 | D:3      | Killed Sigmund
  4506 | D:3      | Reached skill level 1 in Conjurations
  4597 | D:4      | Noticed an ice beast
  4644 | D:4      | Mangled by an ice beast

Action                   |  1- 3 |  4- 6 || total
-------------------------+-------+-------++-------
Melee: Dagger            |    72 |   109 ||   181
 Fire: Hunting sling     |       |     2 ||     2
 Cast: Corona            |     5 |       ||     5
       Ensorcelled Hiber |    18 |     6 ||    24
       Confuse           |     1 |     7 ||     8
  Use: Potion            |       |     3 ||     3
 Stab: Sleeping          |     8 |    19 ||    27
       Confused          |     1 |     1 ||     2
  Eat: Chunk             |     2 |     6 ||     8
       Meat ration       |     1 |       ||     1
       Pizza             |       |     1 ||     1
